 Dungeon Crawl Stone Soup version 0.14-a0-2506-gc7bb754 (webtiles) character file.

93 Kae the Firebug (level 3, -1/19 HPs)
             Began as a Tengu Fire Elementalist on Feb 9, 2014.
             Killed from afar by Sigmund (7 damage)
             ... with a magic dart
             ... on Level 2 of the Dungeon.
             The game lasted 00:01:57 (1335 turns).

Kae the Firebug (Tengu Fire Elementalist)           Turns: 1335, Time: 00:01:57

HP  -1/19        AC  2     Str  8      XL: 3   Next: 79%
MP   6/7         EV 12     Int 16      God:
Gold 43          SH  0     Dex 14      Spells:  1 memorised,  6 levels left

rFire  . . .     SeeInvis .     e - +2,+3 whip
rCold  . . .     Clarity  .     a - +0 robe
rNeg   . . .     Conserve .     (no shield)
rPois  .         rCorr    .     (helmet restricted)
rElec  .         rRot     .     (no cloak)
SustAb . .       Spirit   .     (no gloves)
rMut   .         Warding  .     (boots unavailable)
Saprov . . .     Stasis   .     (no amulet)
MR     .....                    (no ring)
                                (no ring)

@: not resistant to hostile enchantments, fairly stealthy
A: beak, talons 3
a: no special abilities


You were on level 2 of the Dungeon.
You were very hungry.

You visited 1 branch of the dungeon, and saw 2 of its levels.

You collected 43 gold pieces.

Inventory:

Hand weapons
 e - a +2,+3 whip (weapon)
Missiles
 g - 6 tomahawks (quivered)
Armour
 a - a +0 robe (worn)
Comestibles
 c - a bread ration
 d - a choko
 l - a rambutan
Scrolls
 f - a scroll of amnesia {unknown}
 j - a scroll of curse jewellery {unknown}
 k - a scroll of enchant weapon II {unknown}
 m - a scroll of identify {unknown}
 n - a scroll of remove curse {unknown}
Potions
 h - a potion of resistance {unknown}
 i - a potion of curing {unknown}
Books
 b - a book of Flames

   Spells                             Type                      Level
   *Flame Tongue                      Conjuration/Fire             1
   Throw Flame                        Conjuration/Fire             2
   Conjure Flame                      Conjuration/Fire             3
   Inner Flame                        Hexes/Fire                   3
   Sticky Flame                       Conjuration/Fire             4
   Fireball                           Conjuration/Fire             5


   Skills:
 - Level 2.1 Dodging
 - Level 2.0 Stealth
 + Level 2.6 Spellcasting
 * Level 2.6 Conjurations
 * Level 4.1 Fire Magic


You had 6 spell levels left.
You knew the following spells:

 Your Spells              Type           Power        Failure   Level  Hunger
a - Flame Tongue          Conj/Fire      ##...        6%          1    #......


Dungeon Overview and Level Annotations

Branches:
Dungeon (2/16)

Altars:
Nemelex Xobeh

Annotations:
D:2 Sigmund


Innate Abilities, Weirdness & Mutations

You have a beak for a mouth.
You have claws for feet.


Message History

Sigmund is lightly wounded.
Sigmund hits you with a scythe!
Ouch! That really hurt!
You are too injured to fight recklessly!
You are too injured to fight recklessly!
You are too injured to fight recklessly!
You are too injured to fight recklessly!
You are too injured to fight recklessly!
You are too injured to fight recklessly!
You are too injured to fight recklessly!
Casting: Flame Tongue
Confirm with . or Enter, or press ? or * to list all spells.
Aiming: Flame Tongue
Press: ? - help, Shift-Dir - straight line, f - Sigmund
Aim: Sigmund, wielding a scythe and wearing a robe (lightly wounded)
The flame hits Sigmund.
Sigmund is heavily wounded.
Sigmund points at you and mumbles some strange words.
The magic dart hits you!
You die...

#.).............#
#.###########...#
#.# #...# #.#
#...# ##.# #...#
...# ##.#####
...## #..)..#
....... #.....#
###.### #.@...#
.# ....?..@....#
.# #..........#
.# #......##### .
#.#....# #....#
#.... #.#. .


You could see Sigmund.

Vanquished Creatures
  Ijyb (D:2)
  6 bats (D:1)
  3 giant cockroaches
  7 goblins
  6 hobgoblins
  A giant newt (D:1)
  2 jackals (D:1)
  A kobold (D:1)
  3 rats (D:1)
30 creatures vanquished.

Notes
Turn   | Place    | Note
--------------------------------------------------------------
     0 | D:1      | Kae, the Tengu Fire Elementalist, began the quest for the Orb.
     0 | D:1      | Reached XP level 1. HP: 10/10 MP: 3/3
   113 | D:1      | Reached XP level 2. HP: 15/15 MP: 5/5
   765 | D:1      | Reached XP level 3. HP: 13/19 MP: 7/7
  1206 | D:2      | Found a sparkling altar of Nemelex Xobeh.
  1247 | D:2      | Noticed Ijyb
  1254 | D:2      | Killed Ijyb
  1254 | D:2      | Reached skill level 4 in Fire Magic
  1327 | D:2      | Noticed Sigmund
  1335 | D:2      | Killed from afar by Sigmund

Action                   || total
-------------------------++-------
Melee: Unarmed           ||    11
       Whip              ||    62
 Cast: Flame Tongue      ||    21
 Stab: Sleeping          ||     1
